 Dungeon Crawl Stone Soup version 0.17-a0-1301-ga863c44 (webtiles) character file.

455 Bull the Ducker (level 6, -7/47 HPs)
             Began as a Demonspawn Gladiator on June 7, 2015.
             Killed from afar by Dowan (19 damage)
             ... with a shard of ice
             ... on level 4 of the Dungeon.
             The game lasted 00:04:43 (2691 turns).

Bull the Ducker (Demonspawn Gladiator)              Turns: 2691, Time: 00:04:43

Health: -7/47      AC:  6    Str: 16    XL:     6   Next: 76%
Magic:  6/6        EV: 16    Int:  9    God:
Gold:   195        SH:  0    Dex: 15    Spells: 0 memorised, 5 levels left

rFire  . . .     SeeInvis .     a - +0 quarterstaff
rCold  . . .     Clarity  .     b - +0 leather armour
rNeg   . . .     SustAt   .     (no shield)
rPois  +         Gourm    .     c - +0 helmet
rElec  .         Spirit   .     n - +0 cloak
rCorr  .         Warding  .     (no gloves)
rMut   .         Stasis   .     (no boots)
MR     .....                    (no amulet)
Stlth  +++.......               p - ring of poison resistance
                                o - +2 ring of evasion

@: not resistant to hostile enchantments, fairly stealthy
A: claws 2, molten scales 1, nightstalker 1, spiny 1
a: no special abilities


You were on level 4 of the Dungeon.
You were not hungry.

You visited 1 branch of the dungeon, and saw 4 of its levels.

You collected 195 gold pieces.

Inventory:

Hand weapons
 a - a +0 quarterstaff (weapon)
Missiles
 d - 3 throwing nets (quivered)
Armour
 b - a +0 leather armour (worn)
 c - a +0 helmet (worn)
 n - a +0 cloak (worn)
Jewellery
 o - a +2 ring of evasion (left claw)
 p - a ring of poison resistance (right claw)
 q - a +1 ring of evasion
Magical devices
 t - a wand of magic darts (18)
 w - a wand of digging (20)
Scrolls
 f - a scroll of enchant armour {unknown}
 j - 2 scrolls of random uselessness {unknown}
 l - 2 scrolls of teleportation {unknown}
 s - a scroll of magic mapping {unknown}
 v - a scroll of remove curse {unknown}
 x - 2 scrolls of enchant weapon {unknown}
 y - a scroll of identify {unknown}
 A - a scroll of recharging {unknown}
 B - a scroll of immolation {unknown}
Potions
 g - a potion of poison {unknown}
 h - 2 potions of curing
 i - 2 potions of lignification
 k - 2 potions of heal wounds
 u - a potion of might {unknown}
Comestibles
 e - 4 bread rations
 m - a slice of pizza
 r - a beef jerky
 z - 3 chunks of flesh


   Skills:
 + Level 3.1 Fighting
 + Level 4.3 Staves
 + Level 1.8 Throwing
 + Level 2.2 Armour
 + Level 4.7 Dodging
 + Level 1.6 Stealth


You had 5 spell levels left.
You didn't know any spells.

Dungeon Overview and Level Annotations

Branches:
Dungeon (4/15)
 Temple: D:4-7

Altars:
Kikubaaqudgha
Yredelemnul
The Shining One

Annotations:
D:4 Dowan


Innate Abilities, Weirdness & Mutations

You have very sharp fingernails.
You are partially covered in molten scales (AC +1).
You are slightly more attuned to the shadows.
You are partially covered in sharp spines.


Message History

You cannot move.
You cannot move.
You cannot move.
Drink which item? (? for menu, Esc to quit)
You feel better.
Dowan points at you and mumbles some strange words.
Helpless, you fail to dodge the shard of ice.
* * * LOW HITPOINT WARNING * * *
You hit Dowan but do no damage.
Dowan is moderately wounded.
You feel less woody.
Your +0 cloak unmelds from your body.
Your +0 helmet unmelds from your body.
Your +0 leather armour unmelds from your body.
Dowan barely misses you.
You hit Dowan.
Dowan is heavily wounded.
Dowan closely misses you. Dowan casts a spell at you.
The shard of ice hits you!
You die...

...#
###.................#
...##
##................#
....##
##.....o.........#
.....###
##..............#
.......#
##.............#
#..##..#
#W###..)......##
<.###..# #.#
####..###..##
..####.# #)# #)##
###.## ...# #.# #@#
##.# #..# ...###.#
#.e# ##..# ##..
....#..# #..## #...#
###.. ....#..# #..#
#...#####...#
.......# #..#
##.....#...###
......## #.#
#........### ......##
#. #.......##
.......## ###.#####
...###..## ###


You could see a phantom and Dowan.

Vanquished Creatures
  Edmund (D:4)
  Duvessa (D:4)
  A giant frog (D:3)
  Terence (D:2)
  An orc wizard (D:4)
  4 adders (D:3)
  A worm (D:4)
  9 orcs
  11 bats
  6 giant cockroaches
  5 goblins
  4 hobgoblins
  8 kobolds
  2 ball pythons
  3 giant geckos
  A giant gecko skeleton (D:4)
  4 giant newts
  14 jackals
  6 rats
83 creatures vanquished.

Notes
Turn   | Place    | Note
--------------------------------------------------------------
     0 | D:1      | Bull the Demonspawn Gladiator began the quest for the Orb.
     0 | D:1      | Reached XP level 1. HP: 16/16 MP: 1/1
    68 | D:1      | Reached skill level 3 in Staves
   163 | D:1      | Gained mutation: You have sharp fingernails. [demonic ancestry]
   163 | D:1      | Reached XP level 2. HP: 17/22 MP: 2/2
   494 | D:2      | Noticed Terence
   540 | D:2      | Killed Terence
   540 | D:2      | Gained mutation: You are partially covered in molten scales (AC +1). [demonic ancestry]
   540 | D:2      | Reached XP level 3. HP: 12/28 MP: 3/3
   859 | D:2      | Found an ancient bone altar of Kikubaaqudgha.
  1553 | D:3      | Gained mutation: You are partially covered in sharp spines. [demonic ancestry]
  1553 | D:3      | Reached XP level 4. HP: 17/34 MP: 4/4
  1856 | D:3      | Reached skill level 1 in Armour
  2088 | D:3      | Noticed a giant frog
  2094 | D:3      | Killed a giant frog
  2094 | D:3      | Gained mutation: You are slightly more attuned to the shadows. [demonic ancestry]
  2094 | D:3      | Reached XP level 5. HP: 29/39 MP: 5/5
  2287 | D:3      | Found a basalt altar of Yredelemnul.
  2292 | D:3      | Found a glowing golden altar of the Shining One.
  2296 | D:3      | Noticed an angel
  2311 | D:3      | Noticed a profane servitor
  2587 | D:4      | Noticed Edmund
  2594 | D:4      | Killed Edmund
  2594 | D:4      | Reached skill level 4 in Staves
  2594 | D:4      | Reached skill level 1 in Stealth
  2594 | D:4      | Gained mutation: You have very sharp fingernails. [demonic ancestry]
  2594 | D:4      | Reached XP level 6. HP: 42/46 MP: 6/6
  2627 | D:4      | Noticed a phantom
  2633 | D:4      | Noticed Dowan
  2638 | D:4      | Noticed Duvessa
  2665 | D:4      | Killed Duvessa
  2691 | D:4      | Killed from afar by Dowan

Vault maps used:
D:1:      minmay_arrival_four_circles, kennysheep_another_room,
          corexii_corridor_pit, hangedman_feature_mirror, minivault_23
D:2:      lemuel_round_altar, first_bread, uniq_terence
D:3:      kennysheep_six_static_rooms, grunt_temple_overflow_holy_war,
          minmay_misc_feat_rows
D:4:      uniq_edmund, uniq_duvessa

Action                   |  1- 3 |  4- 6 || total
-------------------------+-------+-------++-------
Melee: Quarterstaff      |   151 |    93 ||   244
  Use: Potion            |     2 |     3 ||     5
 Stab: Sleeping          |     1 |     1 ||     2
  Eat: Chunk             |     1 |     5 ||     6
